 Dungeon Crawl Stone Soup version 0.31-a0-271-gb88eb75e06 (webtiles) character file.

Game seed: 617815928238662377

180 Demosthentine the Trooper (level 5, -3/46 HPs)
             Began as a Demonspawn Gladiator on July 15, 2023.
             Slain by a bullfrog (4 damage)
             ... in a sewer.
             The game lasted 00:03:38 (1717 turns).

Demosthentine the Trooper (Demonspawn Gladiator)    Turns: 1717, Time: 00:03:38

Health: -3/46      AC:  4    Str: 16    XL:     5   Next: 33%
Magic:  5/5        EV: 14    Int:  9    God:
Gold:   119        SH:  0    Dex: 15    Spells: 4/4 levels left

rFire   . . .        a - +0 trident
rCold   . . .        (no shield)
rNeg    . . .        b - +0 leather armour
rPois   .            c - +0 helmet
rElec   .            (no cloak)
rCorr   .            (no gloves)
SInv    .            (no boots)
Will    +....        (no amulet)
Stlth   +            (no ring)
HPRegen 0.27/turn    (no ring)
MPRegen 0.18/turn

%: no passive effects
@: enlightened, flying
A: powered by death 2, magic regeneration
a: no special abilities


You were in a sewer.
You visited 1 branch of the dungeon, and saw 3 of its levels.
You also visited: Sewer.

You collected 119 gold pieces.

Inventory:

Hand Weapons
 a - a +0 trident (weapon)
Missiles
 d - 4 throwing nets (quivered)
 e - a javelin
Armour
 b - a +0 leather armour (worn)
 c - a +0 helmet (worn)
Wands
 g - a wand of flame (19)
Scrolls
 h - a scroll of enchant armour {unknown}
Potions
 f - a potion of mutation


   Skills:
 + Level 5.9 Fighting
 + Level 5.7 Polearms
 - Level 1.7 Throwing
 + Level 4.9 Armour
 + Level 5.7 Dodging


You had 4 spell levels left.
You didn't know any spells.
Your spell library contained the following spells:

 Spells                   Type           Power      Damage    Failure   Level
 Vhi's Electric Charge    Tloc/Air       0%         N/A       82%         3
 Summon Ice Beast         Ice/Summ       0%         N/A       99%         4
 Arcjolt                  Conj/Air       0%         1d10      100%        5
 Summon Mana Viper        Hex/Summ       0%         N/A       100%        5
 Monstrous Menagerie      Summ           0%         N/A       100%        7
 Maxwell's Capacitive Co  Air            0%         ∞         100%        8


Dungeon Overview and Level Annotations

Branches:
Dungeon (3/15)              Sewer (1/1)

Altars:


Innate Abilities, Weirdness & Mutations

You regenerate health from kills.
You regenerate magic rapidly.


Message History

The giant cockroach splashes around in the water.
The bullfrog misses you. The bullfrog hits you.
Unknown command.
You hit the giant cockroach.
The giant cockroach is heavily wounded.
The bullfrog hits you. The giant cockroach closely misses you.
The bullfrog barely misses you. The bullfrog hits you.
The giant cockroach barely misses you.
Unknown command.
You closely miss the giant cockroach.
The giant cockroach is heavily wounded.
The bullfrog misses you. The bullfrog closely misses you.
The giant cockroach bites you.
The bullfrog hits you but does no damage.
Unknown command.
You hit the giant cockroach.
The giant cockroach is almost dead.
The bullfrog completely misses you. The giant cockroach closely misses you.
The bullfrog completely misses you. The bullfrog misses you.
Unknown command.
Your unstable footing causes you to fumble your attack.
The bullfrog misses you.
The giant cockroach bites you but does no damage.
The bullfrog hits you. x2
* * * LOW HITPOINT WARNING * * *
Unknown command.
Okay, then.
It was a potion of enlightenment.
You feel very buoyant.
You fly up into the air.
The bullfrog closely misses you. The giant cockroach misses you.
The bullfrog hits you.
* * * LOW HITPOINT WARNING * * *
The bullfrog hits you.
* * * LOW HITPOINT WARNING * * *
The giant cockroach barely misses you.
Unknown command.
The bullfrog hits you.
* * * LOW HITPOINT WARNING * * *
The bullfrog hits you.
You die...

#∩# #.~≈~~≈≈≈~?($.≈≈≈≈
#.# #.#
#.~≈~≈≈≈≈~.$?≈≈≈≈≈# #.#
### #†~≈≈~≈≈~~~.~≈≈≈≈≈#
#.# #.~≈~≈~≈~~~~.~≈≈≈≈#
#.# #.~≈~≈~≈~~....~≈≈#
#~# #.~≈≈~≈≈~.≈~~.∩~≈#
#~# #.~≈≈~≈≈≈B≈≈~~~≈≈#
#.# #†~≈≈~≈≈≈≈F≈≈≈~≈#
#~# #.~≈~~≈≈≈@F~≈≈≈≈#
#.# #.~≈~.≈≈≈≈≈≈~≈≈##
#.#
#††≈~.~~~~≈~≈≈########~#
#.~≈~~..~~~~≈≈≈≈≈~.~~.~#
#.~≈≈~~~~~~~~≈≈≈≈≈~≈~~.#
#.~~≈≈≈≈≈≈≈≈≈≈≈≈≈≈≈≈≈~.#
#..~~~~~~~~~~~~~~~~~~~.#
##.....~~.~~~~~~.......#
#######################


You could see 2 bullfrogs and a giant cockroach.

Vanquished Creatures
  Jessica (D:3)
  3 adders
  4 dart slugs (D:1)
  5 ball pythons
  3 endoplasms
  14 giant cockroaches
  3 goblins (D:1)
  2 hobgoblins
  8 quokkas
  2 bats (D:1)
  11 frilled lizards
  3 kobolds
  2 rats
61 creatures vanquished.

Notes
Turn   | Place    | Note
-------+----------+-------------------------------------------
     0 | D:1      | Demosthentine the Demonspawn Gladiator began the quest for
                  | the Orb.
     0 | D:1      | Reached XP level 1. HP: 16/16 MP: 1/1
   170 | D:1      | Gained mutation: You regenerate magic rapidly. [demonic
                  | ancestry]
   170 | D:1      | Reached XP level 2. HP: 16/22 MP: 2/2
   530 | D:1      | Reached skill level 1 in Armour
   864 | D:2      | Gained mutation: You regenerate a little health from kills.
                  | [demonic ancestry]
   864 | D:2      | Reached XP level 3. HP: 28/28 MP: 3/3
  1346 | D:2      | Reached skill level 5 in Fighting
  1346 | D:2      | Reached skill level 5 in Polearms
  1346 | D:2      | Reached skill level 5 in Dodging
  1346 | D:2      | Gained mutation: You regenerate health from kills. [demonic
                  | ancestry]
  1346 | D:2      | Reached XP level 4. HP: 40/40 MP: 4/4
  1392 | D:3      | Noticed Jessica
  1399 | D:3      | Killed Jessica
  1410 | D:3      | Reached XP level 5. HP: 46/46 MP: 5/5
  1421 | D:3      | Found a glowing drain.
  1463 | Sewer    | Entered a sewer
  1717 | Sewer    | HP: 1/46 [bullfrog (4)]
  1717 | Sewer    | Slain by a bullfrog

Illustrated notes

Levels and vault maps discovered:
D:1:      amcnicky_arrival_flooded_fountain, layout_loops_ring
D:2:      layout_basic
D:3:      layout_loops_ring, grunt_temple_overflow_diamond,
          nicolae_overflow_quartered_altars, gup_sewer_entry_glass,
          uniq_crazy_yiuf_cottage, uniq_jessica, uniq_natasha
Sewer:    sewer_frog_island_01

Skill      XL: |  1  2  3 |
---------------+----------+-----
Dodging        | 3 5 |  5.7
Polearms       | 3 5 |  5.7
Armour         | 1 4 |  4.9
Fighting       | 5 |  5.9
Throwing       | |  1.7

Action                     |  1- 3 |  4- 6 || total
---------------------------+-------+-------++-------
  Melee: Trident           |    94 |   103 ||   197
         Punch             |       |     1 ||     1
    Use: Scroll            |     4 |       ||     4
         Potion            |     1 |     1 ||     2
   Stab: Sleeping          |     3 |     1 ||     4
 Armour: Leather armour    |    13 |    38 ||    51
  Dodge: Dodged            |    43 |    95 ||   138

Table legend: (Time is in decaauts)
 A = Elapsed time spent in this place.
 B = Non-inter-level travel time spent in this place.
 C = Inter-level travel time spent in this place.
 D = Time resting spent in this place.
 E = Time spent auto-exploring this place.
 F = Levels seen in this place.
 G = Mean time per level.
                   A        B        C        D        E       F      G
               +--------+--------+--------+--------+--------+-----+--------+
         Total |   1766 |   1736 |     30 |      0 |   1284 |   4 |  441.5 |
       Dungeon |   1478 |   1448 |     30 |      0 |   1138 |   3 |  492.7 |
         Sewer |    288 |    288 |      0 |      0 |    146 |   1 |  288.0 |
               +--------+--------+--------+--------+--------+-----+--------+

Top non-repeatable levels by time:
     D:1: 816 daAuts
     D:2: 545 daAuts
   Sewer: 288 daAuts
     D:3: 116 daAuts
